 Dungeon Crawl Stone Soup version 0.28-a0-1624-g820543e53a (webtiles) character file.

Game seed: 16975490366972201011

4375 issech the Cudgeller (level 10, -5/88 HPs)
             Began as a Troll Monk on Jan 23, 2022.
             Was a Priest of Hepliaklqana.
             Slain by a death yak (18 damage)
             ... on level 7 of the Dungeon.
             The game lasted 00:47:52 (6795 turns).

issech the Cudgeller (Troll Monk)                   Turns: 6795, Time: 00:47:53

Health: -5/88      AC: 10    Str: 21    XL:     10   Next: 13%
Magic:  9/9        EV: 15    Int:  8    God:    Hepliaklqana [***...]
Gold:   462        SH:  0    Dex: 24    Spells: 9/9 levels left

rFire   . . .      SeeInvis .   K - +0 giant spiked club
rCold   . . .      Faith    +   (shield currently unavailable)
rNeg    . . .      Spirit   .   I - +2 robe {Will+}
rPois   .          Reflect  .   (helmet restricted)
rElec   .          Harm     .   (no cloak)
rCorr   .          Rampage  .   (gloves unavailable)
Will    +....      Clarity  +   (boots unavailable)
Stlth   +++.......              o - amulet of faith
HPRegen 1.04/turn               i - +4 ring of protection
MPRegen 0.11/turn               u - +6 ring of dexterity

@: no status effects
A: reduced essence, large, unfitting armour, claws 3, regeneration 1, shaggy fur
1, tough skin 1, hooves 1, agile 1, clarity, clever 1
a: Renounce Religion, Recall Ancestor, Ancestor Identity, Transference


You were on level 7 of the Dungeon.
You worshipped Hepliaklqana.
Hepliaklqana was most pleased with you.
You visited 2 branches of the dungeon, and saw 9 of its levels.

You collected 462 gold pieces.

Inventory:

Hand Weapons
 k - a +0 hand crossbow
 p - a +4 dagger
 q - a +0 hunting sling
 v - a +0 arbalest
 x - a +0 great mace
 E - a +2 mace
 K - a +0 giant spiked club (weapon)
 N - a +2 dagger of draining
 P - a +5 scimitar
 W - a +4 flail
 Y - a +2 whip of distortion
Missiles
 d - 93 bolts
 e - 252 stones
 h - a large rock (quivered)
 m - 20 poisoned darts
 n - 109 sling bullets
 D - 169 arrows
 X - a curare-tipped dart
 Z - 6 javelins
Armour
 I - a +2 robe of willpower (worn)
Jewellery
 i - a +4 ring of protection (left claw)
 o - an amulet of faith (around neck)
 u - a +6 ring of dexterity (right claw)
 w - a ring of ice
 y - a ring of wizardry
 M - a ring of see invisible
 O - a +6 ring of intelligence
Wands
 C - a wand of digging (3)
 G - a wand of polymorph (2)
 H - a wand of paralysis (6)
 T - a wand of charming (12)
Scrolls
 t - 2 scrolls of fog
 B - 2 scrolls of enchant armour
 L - 2 scrolls of teleportation
 Q - a scroll of magic mapping
 R - 2 scrolls of fear
Potions
 c - a potion of attraction
 f - a potion of lignification
 g - 3 potions of heal wounds
 j - a potion of haste
 l - a potion of might {unknown}
 r - 2 potions of curing {unknown}
 s - 2 potions of brilliance {unknown}
 z - a potion of cancellation {unknown}
 A - a potion of mutation
 F - a potion of degeneration {unknown}
 J - a potion of resistance {unknown}
 S - 3 potions of flight {unknown}


   Skills:
 + Level 5.8 Fighting
 + Level 5.6 Short Blades
 + Level 7.3 Maces & Flails
 + Level 0.6 Crossbows
 + Level 1.2 Throwing
 + Level 6.5 Dodging
 + Level 2.8 Stealth


You had 9 spell levels left.
You didn't know any spells.
Your spell library contained the following spells:

 Spells                   Type           Power      Damage    Failure   Level
 Confusing Touch          Hex            0%         N/A       78%         3
 Ozocubu's Armour         Ice            0%         N/A       78%         3
 Metabolic Englaciation   Hex/Ice        0%         N/A       100%        5
 Yara's Violent Unravell  Hex/Tmut       0%         3d3       100%        5
 Simulacrum               Ice/Necr       0%         N/A       100%        6
 Enfeeble                 Hex            0%         N/A       100%        7


Dungeon Overview and Level Annotations

Branches:
Dungeon (8/15)             Temple (1/1) D:5            Lair (0/6) D:8

Altars:
Cheibriados
Dithmenos
Elyvilon
Fedhas
Gozag
Hepliaklqana
Kikubaaqudgha
Makhleb
Nemelex Xobeh
Okawaru
Qazlal
Ru
Sif Muna
Uskayaw
Vehumet
Wu Jian
Xom
Yredelemnul
Zin
The Shining One

Shops:
D:6 [


Innate Abilities, Weirdness & Mutations

Your life essence is reduced to manifest your ancestor. (-10% HP)
You are too large for most types of armour.
You have claws for hands.
Your natural rate of healing is unusually fast.
You are covered in fur. (AC +1)
You have tough skin. (AC +1)
You have large cloven feet.
You are agile. (Dex +2)
You possess an exceptional clarity of mind.
Your mind is acute. (Int +2)


Message History

You kick the death yak, but do no damage.
The death yak gores you!!
The death yak gores you but does no damage.
You see here a large rock.
The death yak gores you but does no damage.
Throw: 2 large rocks
Press: ? - help, Q - select action, (/) - cycle Shift-Dir - straight line, f/p - death yak
Aim: a death yak (82% to hit)
You throw a large rock.
The large rock hits the death yak but does no damage.
The death yak barely misses you.
You bludgeon the death yak!!
The death yak is moderately wounded.
The death yak closely misses you. The death yak gores you!!
You puncture the death yak!
The death yak is heavily wounded.
The death yak misses you.
You barely miss the death yak. You kick the death yak.
The death yak is heavily wounded.
The death yak gores you!
You hit the death yak.
You kick the death yak, but do no damage.
The death yak is heavily wounded.
The death yak gores you. The death yak gores you!
You puncture the death yak! Your kick misses the death yak.
The death yak is severely wounded.
The death yak misses you.
You sock the death yak!
You kick the death yak, but do no damage.
The death yak is severely wounded.
The death yak gores you. The death yak completely misses you.
You sock the death yak!
The death yak is almost dead.
The death yak gores you!!
You barely miss the death yak.
The death yak is almost dead.
The death yak gores you!!
* * * LOW HITPOINT WARNING * * *
The death yak gores you!!
You die...

.## ##..###.#.##..........### .#
##..##.#...#..######.... .#
##.....##......# #.... .#
###...#####.#.####...# .# ##....#
#........... .# ##.#.#
#.......###. .##### #(#.#
#.......# #. .....####
#Y#.###.......# ##
#.##....########@............# #
#.#####....(......(..#.......#
#[# ##########.##......>...####
).# #...###.##.........#
#.############.#......#.....)##.#
#.........##...#..#####......##..
#.#.[........#....# ##...#####.
#.##......####.#.## ##..# ##
...............#..# #.##


You could see a death yak.

Vanquished Creatures
  Prince Ribbit (D:6)
  Eustachio (D:4)
  2 orc warriors
  A hornet zombie (D:5)
  3 ogres
  2 necrophages
  3 centaurs
  2 phantoms (D:5)
  2 kobold brigands (D:8)
  3 scorpions
  2 water moccasin skeletons
  7 wights
  A killer bee (D:8)
  2 bullfrog zombies (D:5)
  A centaur zombie (D:6)
  4 hounds
  5 jellies
  3 orc priests
  A centaur skeleton (D:3)
  Jessica (D:2)
  Ijyb (D:4)
  An iguana (D:3)
  4 orc wizards
  2 hound skeletons (D:5)
  A howler monkey zombie (D:7)
  Robin (D:3)
  5 adders
  A white imp (D:6)
  An adder skeleton (D:4)
  A worm (D:2)
  2 dart slugs
  19 orcs
  6 bats
  6 endoplasms
  13 goblins
  10 hobgoblins
  3 quokkas (D:4)
  8 ball pythons
  A frilled lizard (D:1)
  8 kobolds
  2 rats (D:2)
143 creatures vanquished.

Vanquished Creatures (collateral kills)
  A two-headed ogre (D:8)
  Psyche (D:8)
  A water moccasin (D:6)
  An ice beast (D:8)
  A sky beast (D:6)
  2 wights (D:7)
  A hound (D:7)
  An orc priest (D:8)
  2 iguanas
  A howler monkey skeleton (D:7)
  2 orcs
  2 kobolds (D:8)
16 creatures vanquished.

Vanquished Creatures (others)
  A hexer (D:7)
1 creature vanquished.

Grand Total: 160 creatures vanquished

Notes
Turn   | Place    | Note
-------+----------+-------------------------------------------
     0 | D:1      | issech the Troll Monk began the quest for the Orb.
     0 | D:1      | Reached XP level 1. HP: 22/22 MP: 0/0
   146 | D:1      | Reached XP level 2. HP: 27/29 MP: 1/1
   215 | D:1      | Reached skill level 3 in Maces & Flails
   627 | D:2      | Noticed Jessica
   650 | D:2      | Killed Jessica
   651 | D:2      | Reached XP level 3. HP: 32/36 MP: 2/2
   866 | D:2      | Found a shadowy altar of Dithmenos.
  1099 | D:3      | Noticed Robin
  1158 | D:2      | Reached XP level 4. HP: 31/44 MP: 3/3
  1239 | D:3      | Killed Robin
  1311 | D:3      | Reached skill level 4 in Maces & Flails
  1494 | D:3      | Reached XP level 5. HP: 39/53 MP: 4/4
  1564 | D:3      | Reached skill level 1 in Short Blades
  1739 | D:3      | Found a basalt altar of Yredelemnul.
  1971 | D:4      | Noticed a necrophage
  1988 | D:4      | Killed a necrophage
  1998 | D:4      | Noticed Eustachio
  2098 | D:4      | Killed Eustachio
  2099 | D:4      | Reached XP level 6. HP: 37/61 MP: 5/5
  2379 | D:4      | Reached XP level 7. HP: 68/68 MP: 6/6
  2388 | D:4      | Found an ornate altar of the Wu Jian Council.
  2554 | D:4      | Noticed Ijyb
  2563 | D:4      | Paralysed by Ijyb for 7 turns
  2575 | D:4      | Paralysed by Ijyb for 3 turns
  2595 | D:4      | Killed Ijyb
  3170 | D:5      | Entered Level 5 of the Dungeon
  3301 | D:5      | Reached XP level 8. HP: 52/78 MP: 7/7
  3348 | D:5      | Reached skill level 1 in Throwing
  3484 | D:5      | Reached skill level 5 in Dodging
  3918 | D:4      | Reached skill level 5 in Short Blades
  4098 | D:5      | Found a shimmering blue altar of Sif Muna.
  4146 | D:5      | Found a staircase to the Ecumenical Temple.
  4318 | Temple   | Entered the Ecumenical Temple
  4399 | Temple   | Became a worshipper of Hepliaklqana the Forgotten
  4399 | Temple   | Reached * piety under Hepliaklqana
  4399 | Temple   | Reached ** piety under Hepliaklqana
  4403 | Temple   | Remembered your ancestor Yayatum as a hexer
  4891 | D:6      | Noticed Prince Ribbit
  4897 | D:6      | Reached XP level 9. HP: 47/76 MP: 8/8
  4903 | D:6      | Killed Prince Ribbit
  4904 | D:6      | Reached skill level 5 in Fighting
  5098 | D:6      | Found Loxkeacu's Antique Armour Shoppe.
  5181 | D:6      | Reached skill level 5 in Maces & Flails
  5794 | D:7      | Reached *** piety under Hepliaklqana
  5839 | D:7      | Gained mutation: You are frail. (-10% HP) [potion of
                  | mutation]
  5839 | D:7      | Gained mutation: You possess an exceptional clarity of
                  | mind. [potion of mutation]
  5840 | D:7      | Lost mutation: You possess an exceptional clarity of mind.
                  | [potion of mutation]
  5840 | D:7      | Lost mutation: You are frail. (-10% HP) [potion of
                  | mutation]
  5840 | D:7      | Gained mutation: You are agile. (Dex +2) [potion of
                  | mutation]
  5840 | D:7      | Gained mutation: You have large cloven feet. [potion of
                  | mutation]
  5840 | D:7      | Gained mutation: Your mind is acute. (Int +2) [potion of
                  | mutation]
  5840 | D:7      | Gained mutation: You possess an exceptional clarity of
                  | mind. [potion of mutation]
  6093 | D:8      | Noticed a two-headed ogre
  6102 | D:8      | Killed a two-headed ogre
  6103 | D:8      | Reached skill level 6 in Maces & Flails
  6162 | D:8      | Reached skill level 7 in Maces & Flails
  6162 | D:8      | Reached XP level 10. HP: 72/88 MP: 9/9
  6487 | D:8      | Noticed a death yak
  6487 | D:8      | Noticed Psyche
  6491 | D:8      | Noticed a death yak
  6493 | D:8      | Found a staircase to the Lair.
  6493 | D:8      | Noticed a death yak
  6493 | D:8      | Noticed a death yak
  6496 | D:8      | Noticed a death yak
  6500 | D:8      | Killed Psyche
  6795 | D:7      | Slain by a death yak

Illustrated notes

Levels and vault maps discovered:
D:1:      lightli_arrival_noodles, layout_rooms
D:2:      layout_rooms, basic_altar, minmay_strange_pillars, uniq_jessica
D:3:      layout_basic, pf_just_have_faith, supply_closet_lemuel, uniq_robin
D:4:      layout_loops_ring, mainiacjoe_overflow_brackets, glass_columns_b,
          palyth_stone_intersect, uniq_eustachio, uniq_ijyb
D:5:      layout_rooms, lemuel_blue_sif_altar, minmay_temple_entry_slanted,
          grunt_ministairs_7
D:6:      layout_loops_cross, serial_shops, nicolae_shop_statue_plus,
          minmay_misc_feat_nine_boxes, kennysheep_generic_room_5,
          uniq_prince_ribbit1
D:7:      layout_rooms
D:8:      layout_cave_pools, lightli_temple_of_fire, dpeg_lair_monsters,
          serial_column_ruins, column_ruins_hut, column_ruins_open_medium,
          column_ruins_open_tiny, column_ruins_open_small,
          column_ruins_columns_corner, column_ruins_grid_1,
          column_ruins_columns_corner, uniq_psyche
Temple:   nicolae_temple_x_marks_the_god

Skill      XL: |  1  2  3  4  5  6  7  8  9 |
---------------+----------------------------+-----
Maces & Flails | 3 4 7 |  7.3
Fighting       | 3 4 5 |  5.8
Dodging        | 3 4 5 6 |  6.5
Short Blades   | 2 4 5 |  5.6
Throwing       | 1 |  1.2
Stealth        | 2 |  2.8
Crossbows      | |  0.6

Action                   |  1- 3 |  4- 6 |  7- 9 | 10-12 || total
-------------------------+-------+-------+-------+-------++-------
Melee: Mace              |   124 |    26 |       |       ||   150
       Dagger            |       |   187 |   324 |       ||   511
       Punch             |       |       |     5 |       ||     5
       Giant spiked club |       |       |    53 |     9 ||    62
       Flail             |       |       |    36 |    39 ||    75
       Kick              |       |       |    10 |    21 ||    31
 Fire: Arbalest          |       |     4 |       |       ||     4
Throw: Large rock        |       |     7 |     3 |     3 ||    13
       Stone             |       |       |       |     3 ||     3
Invok: Ancestor Life: He |       |       |     1 |       ||     1
  Use: Scroll            |     5 |       |     5 |     1 ||    11
       Potion            |       |       |     3 |     1 ||     4
 Stab: Sleeping          |     1 |       |     3 |     1 ||     5
       Confused          |       |       |     3 |     1 ||     4
       Distracted        |       |       |     1 |       ||     1
Armor: Robe              |    86 |   164 |   145 |     9 ||   404
Dodge: Dodged            |    94 |   159 |   214 |    22 ||   489

Table legend: (Time is in decaauts)
 A = Elapsed time spent in this place.
 B = Non-inter-level travel time spent in this place.
 C = Inter-level travel time spent in this place.
 D = Time resting spent in this place.
 E = Time spent auto-exploring this place.
 F = Levels seen in this place.
 G = Mean time per level.
                   A        B        C        D        E       F      G
               +--------+--------+--------+--------+--------+-----+--------+
         Total |   6798 |   6657 |    141 |    173 |   2101 |   9 |  755.3 |
       Dungeon |   6704 |   6563 |    141 |    173 |   2053 |   8 |  838.0 |
        Temple |     93 |     93 |      0 |      0 |     48 |   1 |   93.0 |
               +--------+--------+--------+--------+--------+-----+--------+

Top non-repeatable levels by time:
     D:4: 1353 daAuts
     D:5: 1041 daAuts
     D:7: 955 daAuts
     D:6: 854 daAuts
     D:3: 785 daAuts
     D:2: 708 daAuts
     D:1: 547 daAuts
     D:8: 458 daAuts
  Temple: 93 daAuts
